 Dungeon Crawl Stone Soup version 0.30.1-4-g462c640d31 (webtiles) character file.

Game seed: 4996993750858823773

142 hawla the Firebug (level 5, 0/57 HPs)
             Began as a Meteoran Fire Elementalist on Aug 23, 2023.
             Slain by a scorpion (3 damage)
             ... on level 4 of the Dungeon on Aug 24, 2023.
             The game lasted 00:04:31 (521 turns).

hawla the Firebug (Meteoran Fire Elementalist)       Turns: 521, Time: 00:04:32

Health: 0/57       AC: 22    Str: 10    XL:     5   Next: 80%
Magic:  0/10       EV:  2    Int: 22    God:
Gold:   69         SH:  0    Dex: 14    Spells: 3/10 levels left

rFire   . . .        h - +6 mace "Nuwkoach" {heavy, Int+4}
rCold   . . .        (no shield)
rNeg    . . .        a - melded +0 robe
rPois   +            (helmet currently unavailable)
rElec   .            i - melded +0 cloak
rCorr   .            (gloves currently unavailable)
SInv    .            (boots currently unavailable)
Will    .....        (no amulet)
Stlth   +            (no ring)
HPRegen 0.29/turn    (no ring)
MPRegen 0.12/turn

%: no passive effects
@: brilliant, tree-form, glowing
A: stationary, stasis, torment immunity, boosted hp, sense surroundings 1,
otherworldly, glowing, explore regen
a: no special abilities


You were on level 4 of the Dungeon.
You were a tree.
You visited 1 branch of the dungeon, and saw 4 of its levels.

You collected 69 gold pieces.

Inventory:

Hand Weapons
 h - the +6 mace "Nuwkoach" (weapon) {heavy, Int+4}
   (You found it on level 2 of the Dungeon)

   Int:       It affects your intelligence (+4).
Armour
 a - a +0 robe (melded)
 i - a +0 cloak (melded)
Jewellery
 c - a +5 ring of evasion
Potions
 b - a potion of magic
 f - a potion of brilliance


   Skills:
 - Level 0.2 Fighting
 - Level 2.9 Dodging
 - Level 1.4 Stealth
 - Level 3.3 Spellcasting
 + Level 4.3 Conjurations
 - Level 4.7 Fire Magic


You had 3 spell levels left.
You knew the following spells:

 Your Spells              Type           Power      Damage    Failure   Level
a - Foxfire               Conj/Fire      100%       2x1d9     1%          1
b - Scorch                Fire           72%        2d8       2%          2
c - Flame Wave            Conj/Fire      35%        2d10      19%         4

Your spell library contained the following spells:

 Spells                   Type           Power      Damage    Failure   Level
 Inner Flame              Hex/Fire       21%        N/A       14%         3
 Volatile Blastmotes      Fire/Tloc      42%        2d13      14%         3


Dungeon Overview and Level Annotations

Branches:
Dungeon (4/15) Zot: 1865
 Temple: D:4-7

Altars:
Okawaru


Innate Abilities, Weirdness & Mutations

You are a tree.
Your roots penetrate the ground, keeping you stationary.
You cannot be teleported.
You are immune to unholy pain and torment.
Your maximum health is greatly increased.
Your equipment is partially melded.
You passively map a small area around you.
You are easily found by Zot.
You glow in the dark.
You regain HP and MP as you explore.


Message History

Confirm with . or Enter, or press ? or * to list all spells.
You feel a surge of power!
You conjure some foxfire!
A gnoll comes into view. It is wielding a +0 club.
Found a war axe.
The gnoll shouts!
The foxfire hits the gnoll.
You kill the gnoll!
The foxfire hits the gnoll.
The gnoll is heavily wounded.
You closely miss the gnoll.
The gnoll is heavily wounded.
A scorpion comes into view.
The gnoll closely misses you. x2
You hit the gnoll but do no damage.
The gnoll is heavily wounded.
The gnoll hits you with a +0 flail. The gnoll hits you with a +0 flail!
The gnoll misses you.
You completely miss the gnoll.
The gnoll is heavily wounded.
The gnoll closely misses you. The gnoll barely misses you.
The gnoll hits you with a +0 club! The gnoll closely misses you.
The scorpion misses you.
You thump the gnoll!
You kill the gnoll!
The scorpion stings you but does no damage.
The gnoll hits you with a +0 club.
* * * LOW HITPOINT WARNING * * *
The scorpion stings you.
* * * LOW HITPOINT WARNING * * *
The gnoll hits you with a +0 club.
* * * LOW HITPOINT WARNING * * *
It was a potion of lignification.
You turn into a tree.
Your +0 cloak melds into your body.
Your +0 robe melds into your body.
Your roots penetrate the ground.
The scorpion stings you.
* * * LOW HITPOINT WARNING * * *
The gnoll hits you but does no damage.
Casting: Foxfire (safe; 1% risk of failure)
Confirm with . or Enter, or press ? or * to list all spells.
You feel a surge of power!
You conjure some foxfire!
The scorpion stings you.
You die...

*, * #.....)... ,
. **#(....... ,
.......#.......,
,
.......#.......,
* ,,,
.......#......,,
##...........
...$.....gs####**
, .........v♣.).#
, .....[.).v..[.#
, #...†(.....# ,
, #..........####
#.##..........##*
,
#...............
,
####..........##
*#..........#
,.##..........#


You could see a scorpion and a gnoll (ally target).

Vanquished Creatures
  A sleepcap (D:4)
  An orc wizard (D:4)
  2 gnolls (D:4)
  4 adders
  2 worms
  3 orcs (D:4)
  2 endoplasms
  3 goblins (D:1)
  2 hobgoblins
  6 kobolds
  2 quokkas (D:4)
  2 ball pythons (D:1)
  A bat (D:2)
  3 rats
34 creatures vanquished.

Vanquished Creatures (others)
  53 foxfires
53 creatures vanquished.

Grand Total: 87 creatures vanquished

Notes
Turn   | Place    | Note
-------+----------+-------------------------------------------
     0 | D:1      | hawla the Meteoran Fire Elementalist began the quest for
                  | the Orb.
     0 | D:1      | Reached XP level 1. HP: 14/14 MP: 5/5
   122 | D:1      | Reached XP level 2. HP: 9/20 MP: 1/6
   167 | D:2      | Learned a level 2 spell: Scorch
   207 | D:2      | Reached XP level 3. HP: 21/26 MP: 4/8
   282 | D:2      | Identified the +6 mace "Nuwkoach" {heavy, Int+4}
   364 | D:3      | Found an iron altar of Okawaru.
   466 | D:4      | Reached XP level 4. HP: 33/33 MP: 9/9
   473 | D:4      | Learned a level 4 spell: Flame Wave
   510 | D:4      | Reached XP level 5. HP: 28/38 MP: 2/10
   520 | D:4      | HP: 2/57 [scorpion (2)]
   521 | D:4      | Slain by a scorpion

Illustrated notes

Levels and vault maps discovered:
D:1:      dpeg_arrival_leaves_temple_mockup, layout_loops_ring
D:2:      layout_rooms
D:3:      layout_loops_ring, okawaru_gym_becter, old_standard_altar,
          lemuel_tele_altar, hellmonk_ecumenical_altar_run_dry
D:4:      layout_basic, kennysheep_vampire_church, grunt_ministairs_1

Skill      XL: |  1  2  3  4 |
---------------+-------------+-----
Spellcasting   | 3 |  3.3
Fire Magic     | 4 |  4.7
Conjurations   | 4 |  4.3
Fighting       | |  0.2
Dodging        | |  2.9
Stealth        | |  1.4

Action                     |  1- 3 |  4- 6 || total
---------------------------+-------+-------++-------
  Melee: Unarmed           |    13 |       ||    13
         Mace              |     6 |     7 ||    13
   Cast: Foxfire           |    25 |     8 ||    33
         Scorch            |     1 |     2 ||     3
         Flame Wave        |       |     1 ||     1
    Use: Potion            |       |     4 ||     4
         Scroll            |       |     1 ||     1
 Armour: Robe              |     9 |     7 ||    16
         Skin              |       |     1 ||     1
  Dodge: Dodged            |    20 |    19 ||    39
